 Dungeon Crawl Stone Soup version 0.17-a0-776-gd86b262 (webtiles) character file.

3785 FedoraBrony69 the Thaumaturge (level 9, -4/45 HPs)
             Began as a Deep Elf Conjurer on Apr 25, 2015.
             Was an Elder of Vehumet.
             Killed from afar by an electric eel (12 damage)
             ... with a bolt of electricity
             ... on level 8 of the Dungeon.
             The game lasted 00:34:08 (7690 turns).

FedoraBrony69 the Thaumaturge (Deep Elf Conjurer)   Turns: 7690, Time: 00:34:09

Health: -4/45      AC:  8    Str:  5    XL:     9   Next: 95%
Magic:  26/26      EV: 19    Int: 24    God:    Vehumet [****..]
Gold:   568        SH:  0    Dex: 15    Spells: 4 memorised, 17 levels left

rFire  . . .     SeeInvis +     P - +2 whip (venom)
rCold  . . .     Clarity  .     B - +2 robe {MR+}
rNeg   . . .     SustAb   .     (no shield)
rPois  .         Gourm    .     s - +0 helmet
rElec  .         Spirit   .     (no cloak)
rCorr  .         Warding  .     W - +2 pair of gloves
rMut   +         Stasis   .     (no boots)
MR     +....                    w - amulet of resist mutation
Stlth  +.........               A - +3 ring of evasion
                                k - +3 ring of evasion

@: somewhat resistant to hostile enchantments, very unstealthy
A: see invisible
a: Renounce Religion


You were on level 8 of the Dungeon.
You worshipped Vehumet.
Vehumet was greatly pleased with you.
You were not hungry.

You visited 2 branches of the dungeon, and saw 9 of its levels.
You also visited: Ossuary.

You collected 568 gold pieces.

Inventory:

Hand weapons
 d - a +0 dagger
 L - a +0 trident
 P - a +2 whip of venom (weapon)
Armour
 a - a +0 robe
 s - a +0 helmet (worn)
 B - a +2 robe of magic resistance (worn)
 S - the cursed +1 ring mail of Beogh's Castigation {rN+, unknown}
   (You found it on level 7 of the Dungeon)

   It protects you from negative energy.
   It has a curse placed upon it.
 V - a +0 buckler
 W - a +2 pair of gloves (worn)
Jewellery
 h - an uncursed ring of poison resistance
 k - a +3 ring of evasion (left hand)
 w - an amulet of resist mutation (around neck)
 A - a +3 ring of evasion (right hand)
Magical devices
 y - a wand of flame (12)
 F - a wand of polymorph (12)
 R - a wand of slowing (14)
 X - a wand of magic darts (21)
Scrolls
 e - a scroll of enchant weapon {unknown}
 f - 3 scrolls of enchant armour
 g - 2 scrolls of recharging
 i - 6 scrolls of teleportation
 j - 5 scrolls of remove curse
 l - a scroll of amnesia {unknown}
 q - a scroll of fog
 t - 4 scrolls of random uselessness
 x - a scroll of magic mapping {unknown}
 E - 3 scrolls of immolation {unknown}
 I - a scroll of torment {unknown}
 K - 4 scrolls of identify
 N - a scroll of blinking {unknown}
 Q - a scroll of holy word {unknown}
Potions
 m - 4 potions of lignification
 n - 3 potions of curing
 r - a potion of haste {unknown}
 u - 3 potions of degeneration {unknown}
 z - a potion of invisibility {unknown}
 C - 2 potions of heal wounds {unknown}
 D - 6 potions of poison {unknown}
 G - 2 potions of agility {unknown}
 H - 4 potions of mutation {unknown}
 J - a potion of flight {unknown}
 M - a potion of cancellation {unknown}
 T - a potion of restore abilities {unknown}
Books
 b - a book of Conjurations

   Spells                             Type                      Level
   a - Magic Dart                     Conjuration                  1
   b - Searing Ray                    Conjuration                  2
   c - Dazzling Spray                 Conjuration/Hexes            3
   d - Fulminant Prism                Conjuration/Hexes            4
   e - Iskenderun's Mystic Blast      Conjuration                  4
   f - Iskenderun's Battlesphere      Conjuration/Charms           5
Comestibles
 c - 10 bread rations
 o - 8 fruits
 p - 5 meat rations
 v - 2 beef jerkies
 O - a royal jelly


   Skills:
 - Level 2.4 Dodging
 - Level 2.4 Stealth
 * Level 1.4 Shields
 + Level 11.0 Spellcasting
 - Level 7.7 Conjurations
 - Level 7.2 Charms
 * Level 9.2 Fire Magic


You had 17 spell levels left.
You knew the following spells:

 Your Spells              Type           Power        Failure   Level  Hunger
a - Magic Dart            Conj           ####         1%          1    None
b - Iskenderun's Battles  Conj/Chrm      #####...     2%          5    ####...
c - Iskenderun's Mystic   Conj           ######..     1%          4    None
d - Inner Flame           Hex/Fire       #####...     1%          3    None


Dungeon Overview and Level Annotations

Branches:
Dungeon (8/15)             Temple (1/1) D:6
   Lair: D:8-11

Altars:
Ashenzari
Cheibriados
Dithmenos
Fedhas
Gozag
Makhleb
Nemelex Xobeh
Okawaru
Qazlal
Ru
Sif Muna
Trog
Vehumet
Xom
Yredelemnul
Zin
The Shining One

Annotations:
D:8 Sixotanaka's ghost, experienced DDBe


Innate Abilities, Weirdness & Mutations

You have supernaturally acute eyesight.


Message History

The bolt of electricity hits you!
The electric eel shoots out a bolt of lightning at you!
The bolt of electricity hits you!
A snapping turtle and an electric eel come into view.
The electric eel shoots out a bolt of lightning at you!
The bolt of electricity hits you!
* * * LOW HITPOINT WARNING * * *
Read which item? (? for menu, Esc to quit)
Okay, then.
Drink which item? (? for menu, Esc to quit)
You feel better. 2 bats come into view.
The electric eel shoots out a bolt of lightning at you!
The bolt of electricity hits you!
* * * LOW HITPOINT WARNING * * *
The electric eel shoots out a bolt of lightning at you!
The bolt of electricity misses you.
The electric eel shoots out a bolt of lightning at you!
The bolt of electricity hits you!
You die...

.......#
#........#.......
.......#
#........#.......
.......#
#.........>'.....
#......#
#..........######
########
#..........# #
##.######### #
##.## ≈ ###≈≈≈#≈#
≈≈
≈≈≈≈≈####W@≈≈≈≈##
≈≈≈≈
≈≈≈t≈≈≈;≈≈b≈≈≈≈≈≈#
≈≈≈
≈≈≈≈≈≈≈≈≈≈≈≈≈≈≈≈##
≈ ≈
##≈≈≈≈≈≈≈≈≈≈≈≈≈≈#
≈≈
≈≈;≈≈≈≈≈...b≈≈≈≈≈
≈ ≈≈≈≈;≈≈.♣P..≈≈≈†
≈≈≈≈≈...♣♣..≈≈
≈≈≈≈.♣P ♣.≈ ≈≈≈.


t You could see 2 snapping turtles, 3 electric eels, Sixotanaka's ghost and 2
bats.

Vanquished Creatures
  The ghost of Torrenth the Covert, an experienced SpEn of Dithmenos (D:7)
  Joseph (D:7)
  Prince Ribbit (D:5)
  A spriggan (D:7)
  An eye of draining (D:5)
  A sky beast (D:8)
  A necrophage (D:7)
  3 phantoms
  4 ogres
  3 centaurs
  2 big kobolds
  A giant frog (D:7)
  4 scorpions
  4 wights (D:7)
  3 hounds
  5 orc priests
  4 crimson imps
  3 orc wizards
  A jelly (D:5)
  2 centaur zombies
  A giant frog skeleton (D:6)
  An iguana (D:4)
  Terence (D:3)
  4 worker ants
  3 big kobold zombies (Ossuary)
  A hound zombie (D:6)
  4 mummies (Ossuary)
  A worker ant zombie (D:7)
  8 adders
  An adder zombie (D:6)
  An adder skeleton (D:4)
  3 worms
  4 giant geckos
  18 orcs
  18 bats
  7 giant cockroaches
  10 goblins
  12 hobgoblins
  17 kobolds
  2 quokkas
  5 ball pythons
  7 giant newts
  A giant spore (D:8)
  A goblin zombie (Ossuary)
  2 hobgoblin zombies (Ossuary)
  4 jackals (D:3)
  A jackal skeleton (D:4)
  A kobold zombie (Ossuary)
  A quokka zombie (D:5)
  12 rats
  2 ballistomycetes (D:8)
200 creatures vanquished.

Vanquished Creatures (others)
  An orc (D:8)
1 creature vanquished.

Grand Total: 201 creatures vanquished

Notes
Turn   | Place    | Note
--------------------------------------------------------------
     0 | D:1      | FedoraBrony69, the Deep Elf Conjurer, began the quest for the Orb.
     0 | D:1      | Reached XP level 1. HP: 10/10 MP: 6/6
   217 | D:1      | Reached XP level 2. HP: 10/15 MP: 8/8
   717 | D:2      | Found a radiant altar of Vehumet.
   726 | D:2      | Became a worshipper of Vehumet
   756 | D:2      | Reached XP level 3. HP: 19/19 MP: 0/10
   773 | D:2      | Reached skill level 5 in Conjurations
   821 | D:2      | Found a deep blue altar of Sif Muna.
   917 | D:2      | Found a blossoming altar of Fedhas.
  1305 | D:2      | Reached XP level 4. HP: 15/24 MP: 0/12
  1425 | D:3      | Acquired Vehumet's first power
  1425 | D:3      | Offered knowledge of Sandblast by Vehumet.
  1628 | D:3      | Noticed Terence
  1636 | D:3      | HP: 1/24 [Terence/wand of magic darts (6)]
  1637 | D:3      | Killed Terence
  1637 | D:3      | Reached skill level 5 in Spellcasting
  1918 | D:3      | Found a shadowy altar of Dithmenos.
  2169 | D:4      | Reached XP level 5. HP: 21/28 MP: 4/14
  2195 | D:4      | Learned a level 5 spell: Iskenderun's Battlesphere
  2200 | D:4      | Learned a level 4 spell: Iskenderun's Mystic Blast
  2210 | D:4      | Reached skill level 6 in Conjurations
  2210 | D:4      | Reached skill level 1 in Charms
  2372 | D:4      | Noticed an ogre
  2414 | D:4      | Killed an ogre
  2414 | D:4      | Reached XP level 6. HP: 18/32 MP: 0/17
  2662 | D:4      | Offered knowledge of Throw Frost by Vehumet.
  2753 | D:4      | Noticed a phantom
  2763 | D:4      | Killed a phantom
  2800 | D:4      | Reached skill level 5 in Charms
  2892 | D:4      | Reached XP level 7. HP: 32/36 MP: 4/18
  3577 | D:5      | Entered Level 5 of the Dungeon
  3587 | D:5      | Found a sand-covered staircase.
  3644 | Ossuary  | Entered an ossuary
  4163 | D:5      | Reached skill level 7 in Spellcasting
  4188 | D:5      | Offered knowledge of Inner Flame by Vehumet.
  4376 | D:5      | Found a bloodstained altar of Trog.
  4401 | D:5      | Reached XP level 8. HP: 41/41 MP: 3/21
  4599 | D:5      | Acquired Vehumet's second power
  4700 | D:5      | Reached skill level 8 in Spellcasting
  4708 | D:5      | Learned a level 3 spell: Inner Flame
  4782 | D:5      | Reached skill level 1 in Fire Magic
  4796 | D:5      | Noticed Prince Ribbit
  4803 | D:5      | Killed Prince Ribbit
  5147 | D:6      | Found a staircase to the Ecumenical Temple.
  5156 | Temple   | Entered the Ecumenical Temple
  5374 | D:6      | Offered knowledge of Airstrike by Vehumet.
  5591 | D:6      | Reached skill level 9 in Spellcasting
  5620 | D:6      | Found a glowing golden altar of the Shining One.
  6063 | D:7      | Reached skill level 5 in Fire Magic
  6071 | D:7      | Noticed Joseph
  6085 | D:7      | Killed Joseph
  6085 | D:7      | Reached XP level 9. HP: 17/45 MP: 8/24
  6287 | D:7      | Acquired Vehumet's third power
  6351 | D:7      | Reached skill level 10 in Spellcasting
  6383 | D:7      | Found a shattered altar of Ashenzari.
  6506 | D:7      | Offered knowledge of Lee's Rapid Deconstruction by Vehumet.
  6784 | D:7      | Got an encrusted ring mail
  6789 | D:7      | Noticed Torrenth's ghost (experienced SpEn)
  6792 | D:7      | Killed Torrenth's ghost
  7085 | D:7      | Found a basalt altar of Yredelemnul.
  7285 | D:8      | Reached skill level 1 in Shields
  7287 | D:8      | Reached skill level 11 in Spellcasting
  7364 | D:8      | Found an opulent altar of Gozag.
  7367 | D:8      | Found a glowing silver altar of Zin.
  7413 | D:8      | Found a sparkling altar of Nemelex Xobeh.
  7536 | D:8      | Gained mutation: You have supernaturally acute eyesight. [mutagenic meat]
  7612 | D:8      | Found a sacrificial altar of Ru.
  7687 | D:8      | Noticed Sixotanaka's ghost (experienced DDBe)
  7690 | D:8      | Killed from afar by an electric eel

Action                   |  1- 3 |  4- 6 |  7- 9 || total
-------------------------+-------+-------+-------++-------
Melee: Short sword       |    34 |    22 |     1 ||    57
       Dagger            |     1 |       |    26 ||    27
       Whip              |       |       |    51 ||    51
 Cast: Magic Dart        |    62 |    97 |   197 ||   356
       Iskenderun's Myst |       |    12 |    70 ||    82
       Iskenderun's Batt |       |       |     9 ||     9
       Inner Flame       |       |       |     2 ||     2
  Use: Scroll            |       |     6 |     3 ||     9
       Potion            |       |       |     1 ||     1
 Stab: Sleeping          |     1 |       |       ||     1
  Eat: Chunk             |     1 |     7 |    17 ||    25
       Beef jerky        |       |       |     2 ||     2
       Pizza             |       |       |     1 ||     1
